 Dungeon Crawl Stone Soup version 0.29.1-1-gd02db6906a (webtiles) character file.

Game seed: 17653859393927104208

171 sentinel the Digger (level 6, 0/45 HPs)
             Began as a Meteoran Earth Elementalist on Oct 4, 2022.
             Succumbed to a scorpion's poison
             ... on level 5 of the Dungeon.
             The game lasted 00:02:52 (389 turns).

sentinel the Digger (Meteoran Earth Elementalist)    Turns: 389, Time: 00:02:53

Health: 0/45       AC:  2    Str: 10    XL:     6   Next: 9%
Magic:  0/11       EV: 12    Int: 19    God:
Gold:   0          SH:  0    Dex: 14    Spells: 4/10 levels left

rFire   . . .      SeeInvis .   (no weapon)
rCold   . . .      Faith    .   (no shield)
rNeg    . . .      Spirit   .   a - +0 robe
rPois   .          Reflect  .   (no helmet)
rElec   .          Harm     .   (no cloak)
rCorr   .          Rampage  .   (no gloves)
Will    +....                   (no boots)
Stlth   +.........              (no amulet)
HPRegen 0.15/turn               f - ring of willpower
MPRegen 0.12/turn               (no ring)

@: lethally poisoned (0 -> -16), flying, glowing
A: sense surroundings 1, otherworldly, glowing, explore regen
a: no special abilities


You were on level 5 of the Dungeon.
You visited 1 branch of the dungeon, and saw 5 of its levels.

Inventory:

Armour
 a - a +0 robe (worn)
Jewellery
 f - a ring of willpower (left hand)
Scrolls
 r - a scroll of identify
Potions
 b - a potion of magic
 d - a potion of cancellation {unknown}
 e - a potion of resistance {unknown}
 g - 2 potions of curing {unknown}
 h - a potion of haste


   Skills:
 - Level 2.4 Dodging
 - Level 1.4 Stealth
 + Level 2.7 Spellcasting
 - Level 5.0 Conjurations
 * Level 0.3 Translocations
 - Level 1.2 Transmutations
 - Level 5.0 Earth Magic


You had 4 spell levels left.
You knew the following spells:

 Your Spells              Type           Power      Damage    Failure   Level
a - Sandblast             Erth           42%        2d11      1%          1
b - Stone Arrow           Conj/Erth      42%        3d9       6%          3
c - Passwall              Tmut/Erth      11%        N/A       7%          2

Your spell library contained the following spells:

 Spells                   Type           Power      Damage    Failure   Level
 Petrify                  Tmut/Erth      14%        N/A       41%         4
 Tukima's Dance           Hex            2%         N/A       43%         3
 Passage of Golubria      Tloc           3%         N/A       80%         4
 Yara's Violent Unravell  Hex/Tmut       2%         3d3       98%         5


Dungeon Overview and Level Annotations

Branches:
Dungeon (5/15) Zot: 2589
 Temple: D:4-7

Altars:


Innate Abilities, Weirdness & Mutations

You passively map a small area around you.
You are easily found by Zot.
You glow in the dark.
You regain HP and MP as you explore.


Message History

Confirm with . or Enter, or press ? or * to list all spells.
Okay, then.
e - a sapphire potion
Found 11 gold pieces.
You open the door.
Found 17 gold pieces.
There is an open door here.
You open the door.
There is an open door here.
A black bear comes into view.
The black bear growls angrily.
You hear a shout! x4
Found a dagger.
The black bear bites you but does no damage.
The black bear closely misses you. The black bear completely misses you.
The blast of sand misses the black bear.
The black bear completely misses you. The black bear barely misses you.
The black bear claws you.
An orc comes into view. It is wielding a +0 dagger.
The blast of sand hits the black bear!
The black bear is heavily wounded.
The black bear bites you.
The black bear claws you but does no damage.
The black bear claws you. The black bear closely misses you.
The black bear claws you but does no damage.
The black bear barely misses you.
The blast of sand hits the black bear.
The black bear is severely wounded.
The black bear barely misses you. The black bear claws you.
The black bear claws you but does no damage.
Casting: Sandblast (safe; 2% risk of failure)
Confirm with . or Enter, or press ? or * to list all spells.
Aiming: Stone Arrow (quite dangerous; 12% risk of failure)
Press: ? - help, Shift-Dir - straight line, f/p - black bear
Aim: a black bear (severely wounded, 77% to hit)
The stone arrow hits the black bear!!
You kill the black bear!
Your Conjurations skill gained 2 levels and is now at level 4!
You have reached level 5!
The blast of sand hits the orc!
You kill the orc!
An orc comes into view. It is wielding a +0 falchion.
An orc wizard comes into view. It is wielding a +0 dagger.
The blast of sand misses the orc wizard.
The orc wizard shouts!
The blast of sand misses the orc wizard.
The orc wizard casts a spell at you. The puff of flame hits you.
You are out of magic!
An orc comes into view. It is wielding a +0 short sword.
The orc shouts!
The orc moves out of view.
Casting: Sandblast (safe; 2% risk of failure)
Confirm with . or Enter, or press ? or * to list all spells.
Aiming: Sandblast (safe; 2% risk of failure)
Press: ? - help, Shift-Dir - straight line, f/p - orc wizard
Aim: an orc wizard, wielding a +0 dagger and wearing a +0 robe (79% to hit)
The blast of sand hits the orc wizard but does no damage.
Casting: Sandblast (safe; 2% risk of failure)
Confirm with . or Enter, or press ? or * to list all spells.
Aiming: Sandblast (safe; 2% risk of failure)
Press: ? - help, Shift-Dir - straight line, f/p - orc wizard
Aim: an orc wizard, wielding a +0 dagger and wearing a +0 robe (79% to hit)
The blast of sand hits the orc wizard!
The orc wizard is severely wounded.
The orc wizard barely misses you.
The orc wizard hits you with a +0 dagger.
Press: ? - help, v - describe, . - travel
Here: an orc wizard, wielding a +0 dagger and wearing a +0 robe (severely wounded)
The floor.
Casting: Sandblast (safe; 2% risk of failure)
Confirm with . or Enter, or press ? or * to list all spells.
Aiming: Sandblast (safe; 2% risk of failure)
Press: ? - help, Shift-Dir - straight line, f/p - orc wizard
Aim: an orc wizard, wielding a +0 dagger and wearing a +0 robe (severely wounded, 79% to hit)
The blast of sand hits the orc wizard!
You kill the orc wizard!
Training target 5.0 for Conjurations reached!
Your Conjurations skill increases to level 5!
You need to enable at least one skill for training.
You have reached level 6!
You feel clever.
The blast of sand hits the orc.
The orc is heavily wounded.
The blast of sand hits the orc but does no damage.
The orc is heavily wounded.
The orc hits you but does no damage.
The blast of sand misses the orc.
The orc hits you with a +0 short sword. The orc hits you but does no damage.
The orc attacks as you move away! The orc misses you.
The orc attacks as you move away! The orc hits you but does no damage.
The orc attacks as you move away! The orc barely misses you.
The orc attacks as you move away! The orc hits you with a +0 short sword.
The orc attacks as you move away! The orc hits you with a +0 falchion.
The orc attacks as you move away! The orc hits you with a +0 falchion.
Casting: Sandblast (safe; 1% risk of failure)
Confirm with . or Enter, or press ? or * to list all spells.
Aiming: Sandblast (safe; 1% risk of failure)
Press: ? - help, Shift-Dir - straight line, f - orc, p - orc
Aim: an orc, wielding a +0 falchion and wearing a +0 ring mail (85% to hit)
The blast of sand misses the orc.
The blast of sand hits the orc!
You kill the orc!
The orc barely misses you. The orc attacks as you move away!
The orc closely misses you. The orc attacks as you move away!
The orc closely misses you. The orc attacks as you move away!
The orc hits you with a +0 short sword.
Casting: Sandblast (safe; 1% risk of failure)
Confirm with . or Enter, or press ? or * to list all spells.
You don't know that spell.
Unknown command.
Unknown command.
Press: ? - help, v - describe, . - travel
Here: an orc, wielding a +0 short sword and wearing a +0 ring mail (heavily wounded)
The floor.
The blast of sand hits the orc.
You kill the orc!
There is a stone staircase leading up here.
Things that are here:
a +0 morningstar; a +0 leather armour
Items here: )) [ ††.
Okay, then.
A scorpion comes into view.
A scorpion is nearby!
You see here 11 gold pieces.
The blast of sand hits the scorpion.
The scorpion is lightly wounded.
You are out of magic!
The scorpion closely misses you.
You hit the scorpion but do no damage.
The scorpion is lightly wounded.
The scorpion stings you!
You are poisoned.
The scorpion poisons you!
You feel very sick.
You see here 11 gold pieces.
The blast of sand hits the scorpion.
The scorpion is lightly wounded.
You feel very sick. The scorpion closely misses you.
The scorpion stings you but does no damage.
The blast of sand hits the scorpion!
The scorpion is almost dead.
You feel sick. The scorpion stings you! x2
* * * LOW HITPOINT WARNING * * *
You are more poisoned.
The scorpion poisons you!
HP warning!
It was a potion of flight.
You feel very buoyant.
You fly up into the air.
You die...

, ...#* * #.. * * , *
... , ,* ..., ** * ,,,
#.# *** #.# #.# #s# #@#
##### ###.# ##...######
##.#.###.<....)..#
#......)))...###.#
##....##.....###.####
#####.....##...##.......
.........########.......
#######.## #...##.. ,
#.# #...##).


You could see a scorpion.

Vanquished Creatures
  A black bear (D:5)
  An orc wizard (D:5)
  3 adders
  A worm (D:4)
  7 orcs
  A bat (D:2)
  2 endoplasms (D:2)
  A goblin (D:2)
  A ball python (D:2)
  3 frilled lizards
  A kobold (D:2)
22 creatures vanquished.

Notes
Turn   | Place    | Note
-------+----------+-------------------------------------------
     0 | D:1      | sentinel the Meteoran Earth Elementalist began the quest
                  | for the Orb.
     0 | D:1      | Reached XP level 1. HP: 14/14 MP: 5/5
    80 | D:2      | Reached XP level 2. HP: 20/20 MP: 4/6
    83 | D:2      | Learned a level 2 spell: Passwall
   117 | D:2      | Reached XP level 3. HP: 25/26 MP: 2/8
   121 | D:2      | Learned a level 3 spell: Stone Arrow
   157 | D:3      | Reached skill level 1 in Conjurations
   177 | D:5      | Entered Level 5 of the Dungeon
   288 | D:4      | Reached skill level 5 in Earth Magic
   288 | D:4      | Reached XP level 4. HP: 33/33 MP: 6/9
   332 | D:5      | Noticed a black bear
   337 | D:5      | Killed a black bear
   338 | D:5      | Reached XP level 5. HP: 26/38 MP: 3/10
   350 | D:5      | Reached skill level 5 in Conjurations
   350 | D:5      | Reached XP level 6. HP: 28/45 MP: 0/11
   389 | D:5      | Succumbed to a scorpion's poison

Illustrated notes

Levels and vault maps discovered:
D:1:      psy_arrival_wood_between_worlds, layout_loops_ring,
          hellmonk_ecumenical_altar_crossroads, kennysheep_another_room,
          chequers_jeans
D:2:      minmay_diamond_boxcup, layout_basic
D:3:      layout_basic, serial_glass, glass_columns_b, glass_columns_a,
          glass_columns_c
D:4:      layout_loops_corners, nicolae_titane, uniq_pikel
D:5:      layout_loops_corners

Skill      XL: |  1  2  3  4  5 |
---------------+----------------+-----
Earth Magic    | 4 5 |  5.0
Conjurations   | 1 4 5 |  5.0
Dodging        | |  2.4
Stealth        | |  1.4
Spellcasting   | |  2.7
Translocations | |  0.3
Transmutations | |  1.2

Action                   |  1- 3 |  4- 6 || total
-------------------------+-------+-------++-------
Melee: Unarmed           |       |     1 ||     1
 Cast: Sandblast         |    21 |    22 ||    43
       Passwall          |     1 |       ||     1
       Stone Arrow       |       |     1 ||     1
  Use: Scroll            |     1 |       ||     1
       Potion            |       |     1 ||     1
Armor: Robe              |     2 |     8 ||    10
Dodge: Dodged            |     6 |    21 ||    27
